PIO (24 & UNDER)
SURREY SINNERS @ EAU CLAIRE ESQUIRES
08/29/2030
 
TOP OF THE 1ST
Surrey Sinners batting - Pitching for Eau Claire Esquires : RHP Clarence Holmes
Pitching: RHP Clarence Holmes
Batting: RHB Jake Townsend 0-0: Called Strike
0-1: Ball
1-1: Ball
2-1: SOLO HOME RUN (Flyball, 7LD), Distance : 309 ft
Batting: SHB Ed Nelson 0-0: Ball
1-0: Foul Ball, location: 2F
1-1: Called Strike
1-2: Fly out, F8 (Flyball, 8RM)
Batting: LHB Ugo Béland 0-0: Ball
1-0: Foul Ball, location: 2F
1-1: Ball
2-1: SINGLE (Groundball, 34D)
Batting: SHB Luis Días 0-0: Ball
1-0: Fly out, F7 (Flyball, 78M)
Batting: RHB Don Jackson 0-0: Ball
Ugo Béland is caught stealing 2nd base
Top of the 1st over - 1 run, 2 hits, 0 errors, 0 left on base; Surrey 1 - Eau Claire 0
BOTTOM OF THE 1ST
Eau Claire Esquires batting - Pitching for Surrey Sinners : LHP Mark Schlosser
Pitching: LHP Mark Schlosser
Batting: RHB Tom McBride 0-0: Ball
1-0: Fly out, F8 (Flyball, 8RM)
Batting: LHB Johnny Foley 0-0: Called Strike
0-1: Ball
1-1: Ground out 4-3 (Groundball, 4)
Batting: SHB Paul Davenport 0-0: Ball
1-0: SINGLE (Groundball, 56D)
Batting: RHB River Cunningham 0-0: Ball
1-0: Ball
2-0: Ball
3-0: Base on Balls
Paul Davenport to second
Batting: RHB Claudio Rodríguez 0-0: Swinging Strike
0-1: Fly out, F6 (Popup, 6)
Bottom of the 1st over - 0 runs, 1 hit, 0 errors, 2 left on base; Surrey 1 - Eau Claire 0
TOP OF THE 2ND
Surrey Sinners batting - Pitching for Eau Claire Esquires : RHP Clarence Holmes
Batting: RHB Don Jackson 0-0: Called Strike
0-1: Swinging Strike
0-2: Foul Ball, location: 2F
0-2: Ball
1-2: Ball
2-2: Strikes out swinging
Batting: RHB Ron Gilbert 0-0: Foul Ball, location: 2F
0-1: Ground out U3 (Groundball, 34)
Batting: RHB Eric Turner 0-0: Foul Ball, location: 2F
0-1: Ball
1-1: Ball
2-1: Fly out, F7 (Line Drive, 7S)
Top of the 2nd over - 0 runs, 0 hits, 0 errors, 0 left on base; Surrey 1 - Eau Claire 0
BOTTOM OF THE 2ND
Eau Claire Esquires batting - Pitching for Surrey Sinners : LHP Mark Schlosser
Batting: LHB Caleb Ruíz 0-0: Ball
1-0: Called Strike
1-1: Fly out, F4 (Popup, 34D)
Batting: RHB Júlio Pinto 0-0: Foul Ball, location: 2F
0-1: Ball
1-1: Ball
2-1: Foul Ball, location: 2F
2-2: Fly out, F8 (Flyball, 8RD)
Batting: RHB James Bennett 0-0: Called Strike
0-1: Ball
1-1: Foul Ball, location: 2F
1-2: Strikes out swinging
Bottom of the 2nd over - 0 runs, 0 hits, 0 errors, 0 left on base; Surrey 1 - Eau Claire 0
TOP OF THE 3RD
Surrey Sinners batting - Pitching for Eau Claire Esquires : RHP Clarence Holmes
Batting: RHB Tim van der Kamp 0-0: Foul Ball, location: 2F
0-1: Swinging Strike
0-2: Ball
1-2: Strikes out looking
Batting: SHB Pedro Torres 0-0: Hit by Pitch
Batting: RHB Jake Townsend 0-0: Ball
1-0: SINGLE (Groundball, 4MD)
Pedro Torres to second
Batting: SHB Ed Nelson 0-0: Ball
1-0: Ball
2-0: Ball
3-0: Called Strike
3-1: Called Strike
3-2: Base on Balls
Pedro Torres to third
Jake Townsend to second
Batting: LHB Ugo Béland 0-0: Ball
1-0: Foul Ball, location: 2F
1-1: SINGLE (Line Drive, 7S)
Pedro Torres scores
Jake Townsend to third
Ed Nelson to second
Runner from 3rd tries for Home, SAFE, no throw
Batting: SHB Luis Días 0-0: Called Strike
0-1: Ball
1-1: Called Strike
1-2: 3-RUN HOME RUN (Line Drive, 9D), Distance : 352 ft
Batting: RHB Don Jackson 0-0: Foul Ball, location: 2F
0-1: Ball
1-1: Swinging Strike
1-2: Ball
2-2: Strikes out swinging
Batting: RHB Ron Gilbert 0-0: Ball
1-0: DOUBLE (Line Drive, 7LS)
Batting: RHB Eric Turner 0-0: Called Strike
0-1: Foul Ball, location: 2F
0-2: Ball
1-2: Foul Ball, location: 2F
1-2: Strikes out swinging
Top of the 3rd over - 5 runs, 4 hits, 0 errors, 1 left on base; Surrey 6 - Eau Claire 0
BOTTOM OF THE 3RD
Eau Claire Esquires batting - Pitching for Surrey Sinners : LHP Mark Schlosser
Batting: RHB Ron Moore 0-0: Called Strike
0-1: Swinging Strike
0-2: Fly out, F2 (Popup, 2LF)
Batting: RHB Tom McBride 0-0: Called Strike
0-1: Ball
1-1: Called Strike
1-2: Fly out, F9 (Flyball, 89M)
Batting: LHB Johnny Foley 0-0: Ball
1-0: Ball
2-0: Called Strike
2-1: Ball
3-1: Base on Balls
Batting: SHB Paul Davenport 0-0: Ball
Johnny Foley is caught stealing 2nd base
Bottom of the 3rd over - 0 runs, 0 hits, 0 errors, 0 left on base; Surrey 6 - Eau Claire 0
TOP OF THE 4TH
Surrey Sinners batting - Pitching for Eau Claire Esquires : RHP Clarence Holmes
Batting: RHB Tim van der Kamp 0-0: Called Strike
0-1: Foul Ball, location: 2F
0-2: Foul Ball, location: 2F
0-2: Strikes out swinging
Batting: SHB Pedro Torres 0-0: Ball
1-0: Called Strike
1-1: Called Strike
1-2: Ball
2-2: Ground out 6-3 (Groundball, 6S)
Batting: RHB Jake Townsend 0-0: Ball
1-0: Called Strike
1-1: SINGLE (Flyball, 9LS)
Batting: SHB Ed Nelson 0-0: Ball
1-0: Called Strike
Jake Townsend steals 2nd base
1-1: SINGLE (Groundball, 3D)
Jake Townsend to third
Runner from 3rd tries for Home, throw and OUT!
Top of the 4th over - 0 runs, 2 hits, 0 errors, 1 left on base; Surrey 6 - Eau Claire 0
BOTTOM OF THE 4TH
Eau Claire Esquires batting - Pitching for Surrey Sinners : LHP Mark Schlosser
Batting: SHB Paul Davenport 0-0: Ball
1-0: Swinging Strike
1-1: Ball
2-1: Foul Ball, location: 2F
2-2: SINGLE (Groundball, 56D)
Batting: RHB River Cunningham 0-0: Called Strike
0-1: Ball
1-1: Ball
2-1: SINGLE (Groundball, 6MD)
Paul Davenport to second
Batting: RHB Claudio Rodríguez 0-0: SINGLE (Line Drive, 56D)
Paul Davenport to third
River Cunningham to second
Batting: LHB Caleb Ruíz 0-0: Ball
1-0: Foul Ball, location: 2F
1-1: Foul Ball, location: 2F
1-2: Ball
2-2: Fly out, F9 (Flyball, 89S)
Batting: RHB Júlio Pinto 0-0: Called Strike
0-1: Ball
1-1: Ball
2-1: Ball
3-1: Base on Balls
Paul Davenport scores
River Cunningham to third
Claudio Rodríguez to second
Batting: RHB James Bennett 0-0: Ball
Wild Pitch!
River Cunningham scores
Claudio Rodríguez to third
Júlio Pinto to second
1-0: Ball
2-0: Ground out 4-3 (Groundball, 4S)
Claudio Rodríguez scores
Júlio Pinto to third
Batting: RHB Ron Moore 0-0: Called Strike
0-1: Ball
1-1: Swinging Strike
1-2: Foul Ball, location: 2F
1-2: Strikes out swinging
Bottom of the 4th over - 3 runs, 3 hits, 0 errors, 1 left on base; Surrey 6 - Eau Claire 3
TOP OF THE 5TH
Surrey Sinners batting - Pitching for Eau Claire Esquires : RHP Clarence Holmes
Batting: LHB Ugo Béland 0-0: SOLO HOME RUN (Flyball, 9D), Distance : 360 ft
Batting: SHB Luis Días 0-0: Ball
1-0: Foul Ball, location: 2F
1-1: SINGLE (Line Drive, 34D)
Pitching: RHP George Jackson
Batting: RHB Don Jackson 0-0: Ball
1-0: Called Strike
1-1: Ball
2-1: Ball
3-1: Ground out 4-3 (Groundball, 34)
Luis Días to second
Batting: RHB Ron Gilbert 0-0: Foul Ball, location: 2F
0-1: Called Strike
0-2: Strikes out looking
Batting: RHB Eric Turner 0-0: Ball
1-0: Ball
2-0: Fly out, F8 (Flyball, 8RXD)
Top of the 5th over - 1 run, 2 hits, 0 errors, 1 left on base; Surrey 7 - Eau Claire 3
BOTTOM OF THE 5TH
Eau Claire Esquires batting - Pitching for Surrey Sinners : LHP Mark Schlosser
Batting: RHB Tom McBride 0-0: Foul Ball, location: 2F
0-1: Called Strike
0-2: Ball
1-2: Ball
2-2: SINGLE (Line Drive, 34D)
Batting: LHB Johnny Foley 0-0: Called Strike
0-1: Ball
1-1: Ball
2-1: Foul Ball, location: 2F
2-2: Strikes out swinging
Batting: SHB Paul Davenport 0-0: Ball
1-0: Called Strike
1-1: Grounds into double play, 6-4-3 (Groundball, 56)
Bottom of the 5th over - 0 runs, 1 hit, 0 errors, 0 left on base; Surrey 7 - Eau Claire 3
TOP OF THE 6TH
Surrey Sinners batting - Pitching for Eau Claire Esquires : RHP George Jackson
Batting: RHB Tim van der Kamp 0-0: Foul Ball, location: 2F
0-1: SINGLE (Groundball, 34D)
Batting: SHB Pedro Torres 0-0: Ball
1-0: Foul Ball, location: 2F
1-1: Called Strike
1-2: Fielders Choice at 2nd, 4-6 (Groundball, 4M)
Batting: RHB Jake Townsend 0-0: Foul Ball, location: 2F
0-1: Ball
1-1: Ball
2-1: SINGLE (Flyball, 56D)
Pedro Torres to second
Batting: SHB Ed Nelson 0-0: Ball
Pedro Torres steals 3rd base
Jake Townsend to second
1-0: Called Strike
1-1: Foul Ball, location: 2F
1-2: Ball
2-2: Fly out, F7 (Flyball, 7)
Throwing error, E7
Pedro Torres scores
Jake Townsend to third
Batting: LHB Ugo Béland 0-0: Ball
1-0: Ball
2-0: SINGLE (Groundball, 6MD)
Jake Townsend scores
Batting: SHB Luis Días 0-0: Called Strike
0-1: Ball
1-1: Ball
2-1: Ground out 4-3 (Groundball, 4M)
Top of the 6th over - 2 runs, 3 hits, 1 error, 1 left on base; Surrey 9 - Eau Claire 3
BOTTOM OF THE 6TH
Eau Claire Esquires batting - Pitching for Surrey Sinners : LHP Mark Schlosser
Batting: RHB River Cunningham 0-0: Called Strike
0-1: Ball
1-1: Foul Ball, location: 2F
1-2: Foul Ball, location: 2F
1-2: Fly out, F9 (Flyball, 9S)
Batting: RHB Claudio Rodríguez 0-0: Called Strike
0-1: Ball
1-1: Foul Ball, location: 2F
1-2: TRIPLE (Flyball, 8LXD)
Batting: LHB Caleb Ruíz 0-0: Ground out U3 (Groundball, 3)
Batting: RHB Júlio Pinto 0-0: Ball
1-0: Called Strike
1-1: Ball
2-1: Called Strike
2-2: Ball
3-2: Base on Balls
Batting: RHB James Bennett 0-0: Ball
1-0: Ball
Júlio Pinto steals 2nd base
2-0: Swinging Strike
2-1: Ball
3-1: Base on Balls
Batting: RHB Ron Moore 0-0: Ball
1-0: Called Strike
1-1: Ball
2-1: Called Strike
2-2: Reached on error, E7 (Line Drive, 7D)
Claudio Rodríguez scores
Júlio Pinto scores
James Bennett to third
Pitching: RHP Adrián Vásquez
Batting: RHB Tom McBride 0-0: Foul Ball, location: 2F
0-1: Ball
1-1: Foul Ball, location: 2F
1-2: Ball
2-2: Foul Ball, location: 2F
2-2: Foul Ball, location: 2F
2-2: Ball
3-2: Foul Ball, location: 2F
3-2: SINGLE (Line Drive, 7S)
James Bennett scores
Ron Moore to third
Ron Moore scores
Batting: LHB Johnny Foley 0-0: Fly out, F8 (Flyball, 8RS)
Bottom of the 6th over - 4 runs, 2 hits, 1 error, 1 left on base; Surrey 9 - Eau Claire 7
TOP OF THE 7TH
Surrey Sinners batting - Pitching for Eau Claire Esquires : RHP George Jackson
Pitching: RHP Juan Soto
Batting: RHB Don Jackson 0-0: Ball
1-0: Swinging Strike
1-1: Ground out 1-3 (Groundball, P)
Batting: RHB Ron Gilbert 0-0: Ball
1-0: Ball
2-0: Ball
3-0: Foul Ball, location: 2F
3-1: Foul Ball, location: 2F
3-2: Strikes out swinging
Batting: RHB Eric Turner 0-0: Foul Ball, location: 2F
0-1: Fly out, F9 (Flyball, 89D)
Top of the 7th over - 0 runs, 0 hits, 0 errors, 0 left on base; Surrey 9 - Eau Claire 7
BOTTOM OF THE 7TH
Eau Claire Esquires batting - Pitching for Surrey Sinners : RHP Adrián Vásquez
Batting: SHB Paul Davenport 0-0: Called Strike
0-1: Ball
1-1: SINGLE (Line Drive, 89M)
Batting: RHB River Cunningham 0-0: SINGLE (Line Drive, 89S)
Paul Davenport to second
Batting: RHB Claudio Rodríguez 0-0: Ball
1-0: Swinging Strike
1-1: Foul Ball, location: 2F
1-2: Fielders Choice at 2nd, 1-6 (Groundball, 13)
Paul Davenport to third
Pitching: LHP Jorge Acevedo
Pinch Hitting: RHB Edgardo Morales 0-0: Called Strike
0-1: Ball
1-1: Ball
2-1: Foul Ball, location: 2F
2-2: Ball
3-2: Foul Ball, location: 2F
3-2: Foul Ball, location: 2F
3-2: 3-RUN HOME RUN (Flyball, 7LD), Distance : 324 ft
Pitching: RHP Chris Ryan
Batting: RHB Júlio Pinto 0-0: Called Strike
0-1: Ball
1-1: Ball
2-1: Foul Ball, location: 2F
2-2: Hit by Pitch
Pinch Hitting: LHB Steve Arnold 0-0: Ball
Júlio Pinto steals 2nd base
1-0: Ball
2-0: Called Strike
2-1: Foul Ball, location: 2F
2-2: Ball
3-2: Base on Balls
Pinch Hitting: LHB Matt Taylor 0-0: Ball
1-0: Called Strike
1-1: Fly out, F9 (Flyball, 89M)
Batting: RHB Tom McBride 0-0: Ball
1-0: Ball
2-0: Ball
3-0: Called Strike
3-1: SINGLE (Line Drive, 9LS)
Júlio Pinto to third
Steve Arnold to second
Batting: LHB Johnny Foley 0-0: Ball
1-0: Called Strike
1-1: Ball
2-1: Foul Ball, location: 2F
2-2: Ball
3-2: Strikes out swinging
Bottom of the 7th over - 3 runs, 4 hits, 0 errors, 3 left on base; Surrey 9 - Eau Claire 10
TOP OF THE 8TH
Surrey Sinners batting - Pitching for Eau Claire Esquires : RHP Juan Soto
Now at 1B: Alfonso Huerta
Now in LF: Steve Arnold
Now in RF: Edgardo Morales
Batting: RHB Tim van der Kamp 0-0: Called Strike
0-1: Ball
1-1: Foul Ball, location: 2F
1-2: Foul Ball, location: 2F
1-2: Hit by Pitch
Pitching: RHP Rafael Lorenzo
Pinch Hitting: LHB Robert Mann 0-0: Ball
Wild Pitch!
Tim van der Kamp to second
1-0: Ball
2-0: Ball
3-0: Swinging Strike
3-1: Base on Balls
Batting: RHB Jake Townsend 0-0: Swinging Strike
0-1: Ball
1-1: Foul Ball, location: 2F
1-2: Foul Ball, location: 2F
1-2: Ball
2-2: Ball
3-2: Foul Ball, location: 2F
3-2: Fly out, F8 (Flyball, 89XD)
Runner from 2nd tags up, SAFE at 3rd, no throw
Pitching: RHP Dani Granadas
Batting: SHB Ed Nelson 0-0: Ball
1-0: Fly out, F9 (Line Drive, 9)
Runner from 3rd tags up, SCORES, no throw
Pinch Runner at 1st Jeff Buck:
Batting: LHB Ugo Béland 0-0: Ball
Jeff Buck steals 2nd base
1-0: Foul Ball, location: 2F
1-1: Ball
2-1: Ball
3-1: Base on Balls
Pinch Hitting: RHB Christian Porter 0-0: Called Strike
0-1: Called Strike
0-2: Ball
1-2: Strikes out swinging
Top of the 8th over - 1 run, 0 hits, 0 errors, 2 left on base; Surrey 10 - Eau Claire 10
BOTTOM OF THE 8TH
Eau Claire Esquires batting - Pitching for Surrey Sinners : RHP Chris Ryan
Now at SS: Francisco Martínez
Now in LF: Jeff Buck
Batting: SHB Paul Davenport 0-0: Ball
1-0: Foul Ball, location: 2F
1-1: Ball
2-1: Ball
3-1: Foul Ball, location: 2F
3-2: Base on Balls
Batting: RHB River Cunningham 0-0: Foul Ball, location: 2F
0-1: Ball
1-1: SINGLE (Line Drive, 7LS)
Paul Davenport to second
Batting: RHB Claudio Rodríguez 0-0: Ball
1-0: Foul Ball, location: 2F
1-1: Called Strike
1-2: Ball
2-2: Strikes out swinging
Batting: RHB Edgardo Morales 0-0: Ball
1-0: Foul Ball, location: 2F
1-1: Ball
2-1: Foul Ball, location: 2F
2-2: Strikes out swinging
Pinch Hitting: LHB John Allen 0-0: Foul Ball, location: 2F
0-1: Foul Ball, location: 2F
0-2: Ball
1-2: Foul Ball, location: 2F
1-2: Ball
2-2: Strikes out looking
Bottom of the 8th over - 0 runs, 1 hit, 0 errors, 2 left on base; Surrey 10 - Eau Claire 10
TOP OF THE 9TH
Surrey Sinners batting - Pitching for Eau Claire Esquires : RHP Dani Granadas
Pitching: RHP Sam Faulkner
Now at SS: Jorge Silva
Batting: RHB Don Jackson 0-0: Swinging Strike
0-1: Foul Ball, location: 2F
0-2: Ball
1-2: Ball
2-2: Fly out, F3 (Line Drive, 34)
Batting: RHB Ron Gilbert 0-0: Swinging Strike
0-1: Ball
1-1: Called Strike
1-2: Foul Ball, location: 2F
1-2: Strikes out swinging
Batting: RHB Eric Turner 0-0: Called Strike
0-1: Foul Ball, location: 2F
0-2: Ball
1-2: Foul Ball, location: 2F
1-2: Ball
2-2: Strikes out swinging
Top of the 9th over - 0 runs, 0 hits, 0 errors, 0 left on base; Surrey 10 - Eau Claire 10
BOTTOM OF THE 9TH
Eau Claire Esquires batting - Pitching for Surrey Sinners : RHP Chris Ryan
Pitching: RHP Ed Crawford
Batting: LHB Steve Arnold 0-0: Ball
1-0: Hit by Pitch
Pinch Runner at 1st Tomás Rivera:
Batting: RHB Alfonso Huerta 0-0: Fly out, F4 (Popup, 4S)
Batting: RHB Tom McBride 0-0: Called Strike
0-1: Called Strike
0-2: Ball
1-2: Foul Ball, location: 2F
1-2: Ball
2-2: SINGLE (Flyball, 9LS)
Tomás Rivera to second
Runner from 2nd tries for 3rd, SAFE, no throw
Batting: LHB Johnny Foley 0-0: Called Strike
0-1: Ball
1-1: Hit by Pitch
Tom McBride to second
Batting: SHB Paul Davenport 0-0: Called Strike
0-1: Ball
1-1: Foul Ball, location: 2F
1-2: Foul Ball, location: 2F
1-2: Strikes out swinging
Batting: RHB River Cunningham 0-0: Fly out, F7 (Line Drive, 7D)
Bottom of the 9th over - 0 runs, 1 hit, 0 errors, 3 left on base; Surrey 10 - Eau Claire 10
TOP OF THE 10TH
Surrey Sinners batting - Pitching for Eau Claire Esquires : RHP Sam Faulkner
Now in LF: Tomás Rivera
Pinch Hitting: LHB Clarence Bowen 0-0: Ball
1-0: Ball
2-0: Called Strike
2-1: Foul Ball, location: 2F
2-2: Foul Ball, location: 2F
2-2: Ground out 4-3 (Groundball, 4)
Batting: RHB Jeff Buck 0-0: Swinging Strike
0-1: Fly out, F8 (Flyball, 8LD)
Batting: RHB Jake Townsend 0-0: Ball
1-0: Ball
2-0: Foul Ball, location: 2F
2-1: Ball
3-1: Base on Balls
Batting: SHB Ed Nelson 0-0: Ball
Jake Townsend steals 2nd base
1-0: SINGLE (Groundball, 56D)
Jake Townsend to third
Runner from 3rd tries for Home, SAFE, throw made home
Batting: LHB Ugo Béland 0-0: Ball
Ed Nelson is caught stealing 2nd base
Top of the 10th over - 1 run, 1 hit, 0 errors, 0 left on base; Surrey 11 - Eau Claire 10
BOTTOM OF THE 10TH
Eau Claire Esquires batting - Pitching for Surrey Sinners : RHP Ed Crawford
Now at SS: Clarence Bowen
Batting: RHB Claudio Rodríguez 0-0: Ball
1-0: Ball
2-0: Called Strike
2-1: Foul Ball, location: 2F
2-2: Ball
3-2: Hit by Pitch
Batting: RHB Edgardo Morales 0-0: Ball
1-0: DOUBLE (Flyball, 89XD)
Claudio Rodríguez to third
Runner from 3rd tries for Home, SAFE, throw made at trailing runner, SAFE at third!
Pinch Hitting: RHB Cipriano Salas 0-0: Ball
1-0: Swinging Strike
1-1: Foul Ball, location: 2F
1-2: Strikes out swinging
Batting: RHB Tomás Rivera 0-0: Intentional Walk
Batting: RHB Alfonso Huerta 0-0: Ball
1-0: Ball
2-0: Called Strike
2-1: Ball
3-1: SINGLE (Line Drive, 4MD)
Edgardo Morales scores
Saturday, April 7th, 2018 - OOTP Baseball 18.8 Build 76